AoeStats
← 止春山

Black Forest

510318003Analyzed
2v2 RM · 10h ago on Sep 30, 2026· 61m 0s· 4 players
Game mode
Random Map
Map size
Medium (4 player)
Population
200
Speed
Normal
Resources
Standard
Victory
Conquest
Starting age
Dark Age
Ending age
Imperial Age
RankedLock teamsTeams togetherTeam positionsShared explorationLock speedFull tech treeHidden civsTurbo modeCheats
Victory
Defeat
🇷🇺 Bulgarians · Russia
791
+9
🇨🇿 Spanish · Czechia
747
+11
🇹🇷 Saracens · Türkiye
644
-10
🇨🇳 Inca · China
624
-10
[UBC] Lobo
0:41 Loom
14:41 Feudal Age
16:07 Wheelbarrow
15:20 Double-Bit Axe
15:22 Horse Collar
19:27 Fletching
19:47 Forging
26:08 Castle Age
24:20 Scale Barding Armor
26:34 Scale Mail Armor
26:34 Padded Archer Armor
26:50 Bloodlines
27:54 Husbandry
28:35 Iron Casting
27:55 Bodkin Arrow
28:37 Bow Saw
28:41 Heavy Plow
29:49 Fervor
31:35 Thumb Ring
32:16 Stone Mining
33:47 Sanctity
32:56 Pikeman
34:29 Squires
36:40 Caravan
37:22 Hand Cart
37:36 Light Cavalry
38:04 Arson
37:43 Elite Skirmisher
39:09 Stone Shaft Mining
40:22 Inquisition
47:18 Redemption
51:29 Imperial Age
51:03 Chain Barding Armor
50:59 Chain Mail Armor
50:59 Leather Archer Armor
52:50 Conscription
53:06 Hoardings
52:24 Halberdier
55:12 Two-Man Saw
54:26 Gold Mining
55:45 Ballistics
56:26 Chemistry
55:37 Masonry
55:37 Fortified Wall
56:34 Block Printing
56:44 Illumination
60:37 Elite Conquistador
lovemetiger
1:07 Loom
14:00 Feudal Age
15:34 Wheelbarrow
14:48 Double-Bit Axe
17:00 Horse Collar
18:40 Stone Mining
18:40 Gold Mining
22:08 Fletching
24:42 Castle Age
25:44 Bodkin Arrow
26:08 Heavy Plow
27:28 Hand Cart
28:11 Bow Saw
28:30 Ballistics
29:40 Gold Shaft Mining
32:15 Masonry
36:30 Imperial Age
39:11 Murder Holes
40:18 Chemistry
40:00 Conscription
39:42 Bagains
41:08 Crop Rotation
40:40 Bracer
41:45 Husbandry
41:55 Bloodlines
42:30 Stone Shaft Mining
43:23 Stirrups
42:55 Light Cavalry
43:41 Squires
43:27 Gambesons
45:48 Elite Skirmisher
46:33 Thumb Ring
45:50 Pikeman
46:16 Arson
50:14 Architecture
50:33 Forging
50:23 Scale Mail Armor
54:06 Iron Casting
53:31 Padded Archer Armor
54:55 Elite Konnik
55:39 Halberdier
56:34 Scale Barding Armor
56:45 Chain Mail Armor
57:30 Blast Furnace
56:46 Leather Archer Armor
55:57 Capped Ram
59:35 Plate Mail Armor
59:25 Chain Barding Armor
59:36 Siege Ram
止春山
12:32 Feudal Age
15:25 Wheelbarrow
14:43 Double-Bit Axe
14:53 Champi Runner
15:19 Arson
16:29 Horse Collar
16:45 Gold Mining
21:29 Castle Age
19:35 Stone Mining
25:15 Hand Cart
25:16 Bow Saw
25:09 Heavy Plow
30:09 Stone Shaft Mining
30:11 Gold Shaft Mining
31:17 Squires
34:44 Pikeman
34:45 Champi Warrior
39:37 Imperial Age
41:01 Elite Skirmisher
41:04 Halberdier
41:04 Elite Champi Warrior
42:31 Crop Rotation
44:15 Chemistry
45:36 Ballistics
45:24 Padded Archer Armor
45:15 Fletching
SmokedMyself
0:28 Loom
12:36 Feudal Age
14:09 Double-Bit Axe
17:32 Horse Collar
21:58 Castle Age
22:24 Wheelbarrow
22:41 Forging
22:37 Scale Barding Armor
24:38 Wheelbarrow
24:43 Caravan
26:43 Heavy Plow
28:26 Hand Cart
29:21 Bow Saw
29:10 Gold Mining
29:16 Stone Mining
29:32 Husbandry
30:00 Light Cavalry
32:05 Iron Casting
31:36 Scale Barding Armor
34:18 Chain Barding Armor
37:53 Imperial Age
38:01 Hussar
41:05 Blast Furnace
40:41 Plate Barding Armor
39:45 Elite Mameluke
44:30 Plate Barding Armor
47:02 Capped Ram
48:33 Siege Ram
Connection lost

Rejoining the realm…

Still unreachable

The connection could not be restored.

Session expired

The server has moved on; the page needs a fresh start.